 Dungeon Crawl Stone Soup version 0.29-a0-1047-g7c58e119a4 (webtiles) character file.

Game seed: 9361901372985113403

97 gelatine the Firebug (level 4, 0/30 HPs)
             Began as a Demonspawn Fire Elementalist on Aug 16, 2022.
             Slain by a gnoll
             ... wielding a +0 flail
              (7 damage)
             ... on level 3 of the Dungeon.
             The game lasted 00:04:16 (2382 turns).

gelatine the Firebug (Demonspawn Fire Elementalist) Turns: 2382, Time: 00:04:16

Health: 0/30       AC:  6    Str:  9    XL:     4   Next: 42%
Magic:  2/8        EV: 12    Int: 18    God:
Gold:   106        SH:  0    Dex: 13    Spells: 7/8 levels left

rFire   . . .      SeeInvis .   i - +1 dagger (venom)
rCold   + . .      Faith    .   (no shield)
rNeg    . . .      Spirit   .   o - +2 robe {rC+}
rPois   .          Reflect  .   (no helmet)
rElec   .          Harm     .   (no cloak)
rCorr   .          Rampage  .   m - +0 pair of gloves
Will    .....                   (no boots)
Stlth   ++........              (no amulet)
HPRegen 0.10/turn               n - ring of wizardry
MPRegen 0.11/turn               (no ring)

@: very slightly contaminated
A: hooves 1, rugged brown scales 1, demonic guardian 1
a: no special abilities


You were on level 3 of the Dungeon.
You visited 1 branch of the dungeon, and saw 3 of its levels.

You collected 106 gold pieces.

Inventory:

Hand Weapons
 i - a +1 dagger of venom (weapon)
Armour
 m - a +0 pair of gloves (worn)
 o - a +2 robe of cold resistance (worn)
Jewellery
 n - a ring of wizardry (left hand)
Scrolls
 c - a scroll of identify {unknown}
 h - a scroll of brand weapon {unknown}
Potions
 b - a potion of magic
 d - 2 potions of resistance {unknown}
 e - 2 potions of flight {unknown}
 f - 2 potions of curing {unknown}
 g - a potion of berserk rage {unknown}
 j - 2 potions of degeneration {unknown}
 k - 2 potions of heal wounds {unknown}
 l - a potion of brilliance {unknown}


   Skills:
 + Level 0.1 Fighting
 + Level 0.6 Maces & Flails
 + Level 2.0 Dodging
 + Level 2.2 Stealth
 + Level 2.7 Spellcasting
 + Level 1.5 Conjurations
 + Level 3.7 Fire Magic


You had 7 spell levels left.
You knew the following spells:

 Your Spells              Type           Power      Damage    Failure   Level
a - Foxfire               Conj/Fire      44%        2x1d6     2%          1

Your spell library contained the following spells:

 Spells                   Type           Power      Damage    Failure   Level
 Scorch                   Fire           30%        2d7       2%          2
 Conjure Flame            Conj/Fire      11%        6-21      7%          3
 Static Discharge         Conj/Air       5%         3-4/arc   8%          2
 Inner Flame              Hex/Fire       9%         N/A       10%         3
 Flame Wave               Conj/Fire      11%        2d6       22%         4
 Sticky Flame             Conj/Fire      11%        2d3       22%         4
 Dispel Undead            Necr           2%         3d7       52%         4


Dungeon Overview and Level Annotations

Branches:
Dungeon (3/15)

Altars:


Innate Abilities, Weirdness & Mutations

You have large cloven feet.
You are partially covered in rugged brown scales. (AC +1, +3% HP)
A weak demonic guardian rushes to your aid.


Message History

The gnoll shouts! x2
The gnoll throws a throwing net.
The throwing net closely misses you.
You see here a throwing net.
You see here a +0 robe.
There is a stone staircase leading up here.
You conjure some foxfire!
You conjure some foxfire!
The foxfire hits the adder.
The adder is moderately wounded.
You conjure some foxfire!
The foxfire hits the adder.
The adder is heavily wounded.
The foxfire hits the adder.
You kill the adder!
The foxfire hits the gnoll but does no damage.
You conjure some foxfire!
The foxfire hits the gnoll.
The gnoll is moderately wounded.
The foxfire hits the gnoll.
The gnoll is moderately wounded.
You conjure some foxfire!
The foxfire hits the gnoll.
The gnoll is heavily wounded.
The foxfire hits the gnoll.
The gnoll is heavily wounded.
The gnoll hits you with a +0 flail.
You miscast Foxfire.
You are very lightly contaminated with residual magic.
Nothing appears to happen.
The foxfire hits the gnoll.
The gnoll is moderately wounded.
The foxfire hits the gnoll.
The gnoll is severely wounded.
The gnoll hits you with a +0 flail!
A demonic guardian appears!
The gnoll hits you with a +0 flail.
The gnoll hits you from afar with a +0 halberd!
* * * LOW HITPOINT WARNING * * *
The gnoll attacks as you move away! The gnoll hits you with a +0 flail!
You die...

... .............
... ............ .
.. #........... ..
.. .....§.... ##. #.
#....^..#
....#.###..!#..##..
###........g5§......
..........gg@.......
.
#....###.##.###.###.
#..........##.#
....#......##.#
##.#.###....##.#
.....)...g..##.###
#.......g[.##...
#...###g.........
##.......####..###


You could see 3 gnolls and a friendly ufetubus (summoned).

Vanquished Creatures
  Natasha (twice) (D:3)
  2 adders
  A worm (D:2)
  A bat (D:2)
  6 endoplasms
  A giant cockroach (D:2)
  A goblin (D:2)
  2 hobgoblins
  3 ball pythons
  8 frilled lizards (D:1)
  3 kobolds (D:1)
  A rat (D:3)
31 creatures vanquished.

Vanquished Creatures (others)
  91 foxfires
91 creatures vanquished.

Grand Total: 122 creatures vanquished

Notes
Turn   | Place    | Note
-------+----------+-------------------------------------------
     0 | D:1      | gelatine the Demonspawn Fire Elementalist began the quest
                  | for the Orb.
     0 | D:1      | Reached XP level 1. HP: 13/13 MP: 3/3
    86 | D:1      | Reached skill level 3 in Fire Magic
   397 | D:1      | Gained mutation: You are partially covered in rugged brown
                  | scales. (AC +1, +3% HP) [demonic ancestry]
   397 | D:1      | Reached XP level 2. HP: 13/19 MP: 0/5
   827 | D:1      | Found a faded altar of an unknown god.
  1848 | D:2      | Gained mutation: A weak demonic guardian rushes to your
                  | aid. [demonic ancestry]
  1848 | D:2      | Reached XP level 3. HP: 24/24 MP: 3/6
  2227 | D:3      | Noticed Natasha
  2234 | D:3      | Killed Natasha
  2271 | D:3      | Noticed Natasha
  2277 | D:3      | Killed Natasha
  2278 | D:3      | Gained mutation: You have large cloven feet. [demonic
                  | ancestry]
  2278 | D:3      | Reached XP level 4. HP: 30/30 MP: 0/8
  2382 | D:3      | Slain by a gnoll

Illustrated notes

Levels and vault maps discovered:
D:1:      mushboom_english_gardens, layout_basic, basic_ecumenical_altar,
          minivault_23, minmay_lizard_pond
D:2:      layout_loops_ring
D:3:      cheibrodos_pilgrimage, layout_basic, minmay_misc_feat_columns,
          uniq_terence, uniq_natasha

Skill      XL: |  1  2  3 |
---------------+----------+-----
Fire Magic     | 3 |  3.7
Stealth        | 2 |  2.2
Dodging        | 2 |  2.0
Fighting       | |  0.1
Maces & Flails | |  0.6
Spellcasting   | |  2.7
Conjurations   | |  1.5

Action                   |  1- 3 |  4- 6 || total
-------------------------+-------+-------++-------
Melee: Whip              |    19 |       ||    19
       Dagger            |     8 |       ||     8
 Cast: Foxfire           |    52 |     5 ||    57
Armor: Robe              |    12 |       ||    12
Dodge: Dodged            |    19 |     1 ||    20

Table legend: (Time is in decaauts)
 A = Elapsed time spent in this place.
 B = Non-inter-level travel time spent in this place.
 C = Inter-level travel time spent in this place.
 D = Time resting spent in this place.
 E = Time spent auto-exploring this place.
 F = Levels seen in this place.
 G = Mean time per level.
                   A        B        C        D        E       F      G
               +--------+--------+--------+--------+--------+-----+--------+
         Total |   2381 |   2331 |     50 |     89 |   1980 |   3 |  793.7 |
       Dungeon |   2381 |   2331 |     50 |     89 |   1980 |   3 |  793.7 |
               +--------+--------+--------+--------+--------+-----+--------+

Top non-repeatable levels by time:
     D:1: 1378 daAuts
     D:2: 838 daAuts
     D:3: 165 daAuts
